 Dungeon Sprint DCSS version 0.20.1-1-g8b1a95d (webtiles) character file.

1285 potatolord6000 the Cleaver (level 8, -3/82 HPs)
             Began as a Hill Orc Monk on Sept 11, 2017.
             Was a High Priest of Beogh.
             Slain by a merfolk
             ... wielding a +0 trident
              (14 damage)
             ... in the Dungeon (Sprint V: "Ziggurat Sprint").
             The game lasted 00:03:04 (587 turns).

potatolord6000 the Cleaver (Hill Orc Monk)           Turns: 587, Time: 00:03:04

Health: -3/82      AC: 25    Str: 28    XL:     8   Next: 55%
Magic:  16/16      EV:  7    Int: 10    God:    Beogh [*****.]
Gold:   0          SH:  0    Dex: 13    Spells: 7/7 levels left

rFire    . . .     SeeInvis .   j - +5 executioner's axe
rCold    . . .     Gourm    .   (shield currently unavailable)
rNeg     . . .     Faith    .   y - +5 crystal plate armour
rPois    .         Spirit   .   (no helmet)
rElec    .         Reflect  .   (no cloak)
rCorr    .         Harm     .   (no gloves)
MR       .....     NoTele   +   (no boots)
Stlth    ..........             (no amulet)
Regen    0.3/turn               C - +6 ring of strength
MPRegen  0.2/turn               D - +6 ring of strength

@: lethally poisoned (-3 -> -47)
A: walk on water
a: Smiting, Recall Orcish Followers, Give Item to Named Follower, Renounce
Religion


You were in the Dungeon.
You worshipped Beogh.
Beogh was extremely pleased with you.
You were not hungry.

You visited 1 branch

Inventory:

Hand Weapons
 j - a +5 executioner's axe (weapon)
Armour
 y - a +5 crystal plate armour (worn)
Jewellery
 b - an uncursed ring of protection from cold
 C - a +6 ring of strength (left hand)
 D - a +6 ring of strength (right hand)
Scrolls
 i - 2 scrolls of blinking
 l - 4 scrolls of amnesia
 m - 3 scrolls of recharging
 n - 7 scrolls of fog
 o - a scroll of holy word
 p - 5 scrolls of identify
 q - 5 scrolls of remove curse
 r - 2 scrolls of fear
Potions
 d - 10 potions of curing
 e - 9 potions of heal wounds
 f - 6 potions of haste
 g - 7 potions of magic
 h - 3 potions of berserk rage
 s - 2 potions of brilliance
 t - 2 potions of invisibility
 u - 4 potions of resistance
 w - 4 potions of agility
 x - 4 potions of might
Comestibles
 a - 42 fruits
 c - 5 bread rations
 k - 4 meat rations


   Skills:
 + Level 11.5 Fighting
 + Level 12.5 Axes
 + Level 10.1 Armour
 - Level 2.4 Dodging
 - Level 1.5 Stealth
 + Level 11.9 Invocations


You had 7 spell levels left.
You didn't know any spells.

Dungeon Overview and Level Annotations

Branches:
Dungeon (1/1)

Altars:
Ashenzari
Cheibriados
Dithmenos
Elyvilon
Fedhas
Gozag
Hepliaklqana
Kikubaaqudgha
Makhleb
Nemelex Xobeh
Okawaru
Qazlal
Ru
Sif Muna
Trog
Uskayaw
Vehumet
Xom
Yredelemnul
Zin
The Shining One
Beogh
Jiyva
Lugonu

Annotations:
D 1 transporter


Message History

* * * LOW HITPOINT WARNING * * *
You feel very sick.
Your orc priest barely misses the merfolk.
The merfolk hits you but does no damage.
The merfolk barely misses you. The merfolk hits you with a trident.
* * * LOW HITPOINT WARNING * * *
The merfolk barely misses you.
The merfolk hits you but does no damage.
Your orc priest hits the merfolk but does no damage.
Unknown command.
You slice the merfolk!!
The merfolk is almost dead.
You slash the merfolk! x4
* * * LOW HITPOINT WARNING * * *
You feel very sick.
The merfolk hits you but does no damage. x4
Your orc priest hits the merfolk with a dagger.
The merfolk hits you but does no damage.
The merfolk hits you with a trident!
You die...

▓..††....▓....|...▓
▓.▓)...▓.▓.▓.)..▓.▓
▓........▓.)......▓
▓▓▓▓▓▓▓▓▓▓▓▓▓▓▓▓▓▓▓
▓..8©8..▓ ▓..|[=..▓
▓..:})..▓ ▓...mm..▓
▓..m@m..▓ ▓..)(mo.▓
▓....(..▓ ▓...(...▓
▓.......▓ ▓▓▓▓▓▓▓▓▓


You could see 5 merfolk and a friendly orc priest.

Vanquished Creatures
  2 draconians (D)
  A naga (D)
  A hell hound (D)
  A centaur (D)
  3 scorpions (D)
  An iron imp (D)
  An adder (D)
  2 shadow imps (D)
  A white imp (D)
  An adder skeleton (D)
  A ball python (D)
15 creatures vanquished.

Vanquished Creatures (collateral kills)
  A crimson imp (D)
  An adder (D)
  An ufetubus (D)
  A quokka zombie (D)
4 creatures vanquished.

Vanquished Creatures (others)
  An orc priest (D)
  4 orcs (D)
5 creatures vanquished.

Grand Total: 24 creatures vanquished

Notes
Turn   | Place    | Note
-------+----------+-------------------------------------------
     0 | D        | potatolord6000 the Hill Orc Monk began the quest for the Orb.
     0 | D        | Reached XP level 1. HP: 19/19 MP: 1/1
     0 | D        | Found a deep blue altar of Sif Muna.
     0 | D        | Found a bloodstained altar of Trog.
     0 | D        | Found a sacrificial altar of Ru.
     0 | D        | Found a stormy altar of Qazlal.
     0 | D        | Found an iron altar of Okawaru.
     8 | D        | Found a sparkling altar of Nemelex Xobeh.
     9 | D        | Found a burning altar of Makhleb.
     9 | D        | Found a corrupted altar of Lugonu.
     9 | D        | Found an ancient bone altar of Kikubaaqudgha.
     9 | D        | Found a transporter.
     9 | D        | Found a viscous altar of Jiyva.
    14 | D        | Found a hazy altar of Hepliaklqana.
    16 | D        | Found an opulent altar of Gozag.
    17 | D        | Found a blossoming altar of Fedhas.
    30 | D        | Became a worshipper of Beogh the Brigand
    30 | D        | Reached * piety under Beogh
    30 | D        | Reached ** piety under Beogh
   128 | D        | Entered arena 2.
   128 | D        | Noticed a draconian
   128 | D        | Noticed a draconian
   128 | D        | Found a transporter.
   130 | D        | Reached skill level 5 in Fighting
   130 | D        | Reached skill level 6 in Axes
   130 | D        | Reached XP level 2. HP: 29/29 MP: 1/5
   137 | D        | Killed a draconian
   137 | D        | Reached skill level 10 in Axes
   137 | D        | Reached XP level 3. HP: 37/42 MP: 1/9
   137 | D        | Reached XP level 4. HP: 44/50 MP: 1/10
   137 | D        | Reached XP level 5. HP: 50/57 MP: 1/12
   137 | D        | Reached XP level 6. HP: 56/63 MP: 1/13
   140 | D        | Killed a draconian
   140 | D        | Reached skill level 10 in Fighting
   140 | D        | Reached skill level 11 in Axes
   140 | D        | Reached skill level 10 in Invocations
   140 | D        | Reached XP level 7. HP: 54/73 MP: 2/15
   152 | D        | Entered arena 3.
   152 | D        | Found a transporter.
   156 | D        | Reached *** piety under Beogh
   156 | D        | Reached XP level 8. HP: 64/81 MP: 4/16
   162 | D        | Entered arena 4.
   162 | D        | Found a transporter.
   168 | D        | Reached **** piety under Beogh
   334 | D        | Entered arena 5.
   334 | D        | Found a transporter.
   343 | D        | Reached skill level 12 in Axes
   526 | D        | Entered arena 6.
   526 | D        | Found a transporter.
   528 | D        | Reached ***** piety under Beogh
   533 | D        | Reached skill level 10 in Armour
   574 | D        | Entered arena 7.
   574 | D        | Noticed a merfolk
   574 | D        | Noticed a merfolk
   574 | D        | Noticed a merfolk
   574 | D        | Noticed a merfolk
   574 | D        | Noticed a merfolk
   575 | D        | Found a transporter.
   587 | D        | Slain by a merfolk

Skill      XL: |  1  2  3  4  5  6  7  8 |
---------------+-------------------------+-----
Fighting       | 5 9 10 11 | 11.5
Axes           | 6 10 11 12 | 12.5
Armour         | 3 7 9 10 | 10.1
Invocations    | 4 9 10 11 | 11.9
Dodging        | |  2.4
Stealth        | |  1.5

Action                   |  1- 3 |  4- 6 |  7- 9 || total
-------------------------+-------+-------+-------++-------
Melee: Executioner's axe |     4 |     3 |    24 ||    31
Invok: Smiting           |       |       |     2 ||     2
  Use: Potion            |     3 |       |     1 ||     4
       Scroll            |     2 |       |       ||     2
Armor: Crystal plate arm |     6 |     2 |    62 ||    70
Dodge: Dodged            |     3 |     1 |    27 ||    31
